 Dungeon Crawl Stone Soup version 0.31.0 (webtiles) character file.

Game seed: 5640831956122248155

39 qw the Shooter (level 3, -5/21 HPs)
             Began as a Gargoyle Hunter on Jan 19, 2024.
             Slain by an iguana (7 damage)
             ... on level 4 of the Dungeon.
             The game lasted 00:00:02 (933 turns).

qw the Shooter (Gargoyle Hunter)                     Turns: 933, Time: 00:00:03

Health: -5/21      AC:  8    Str: 14    XL:     3   Next: 45%
Magic:  3/3        EV: 11    Int:  9    God:
Gold:   59         SH:  0    Dex: 15    Spells: 2/2 levels left

rFire   . . .        a - +0 shortbow
rCold   . . .        (shield currently unavailable)
rNeg    + . .        d - +0 ring mail
rPois   inf          (no helmet)
rElec   +            (no cloak)
rCorr   .            (no gloves)
SInv    .            (no boots)
Will    .....        (no amulet)
Stlth   +            (no ring)
HPRegen 0.23/turn    (no ring)
MPRegen 0.08/turn

%: no passive effects
@: no status effects
A: sickness immunity, AC +3, negative energy resistance 1, electricity
resistance, torment resistance 1, petrification resistance
a: no special abilities


You were on level 4 of the Dungeon.
You visited 1 branch of the dungeon, and saw 3 of its levels.

You collected 59 gold pieces.


Innate Abilities, Weirdness & Mutations

You are immune to sickness and miasma.
Your stone body is resilient. (AC +3)
You are immune to poison.
You resist negative energy. (rN+)
You are resistant to electric shocks. (rElec)
You are resistant to unholy torment.
You are immune to petrification.


   Skills:
 - Level 2.1 Fighting
 + Level 4.8 Ranged Weapons
 - Level 1.5 Armour
 - Level 1.5 Dodging
 - Level 1.1 Stealth


You had 2 spell levels left.
You didn't know any spells.
Your spell library was empty.

Inventory:

Hand Weapons
 a - a +0 shortbow (weapon)
Armour
 d - a +0 ring mail (worn)
Scrolls
 b - a scroll of identify {unknown}
 c - a scroll of immolation {unknown}
Potions
 e - a potion of heal wounds {unknown}
 f - a potion of curing {unknown}

Dungeon Overview and Level Annotations

Branches:
Dungeon (2/15)

Altars:
Yredelemnul


Message History

The adder hisses angrily.
You shoot an arrow.
The arrow hits the iguana but does no damage.
You shoot an arrow. The arrow barely misses the iguana.
The arrow hits the adder but does no damage.
You shoot an arrow.
The arrow hits the iguana but does no damage.
The iguana bites you.
You shoot an arrow. The arrow closely misses the iguana.
The arrow hits the adder.
The adder is lightly wounded.
The iguana bites you but does no damage.
You shoot an arrow.
The arrow hits the iguana but does no damage.
The iguana closely misses you.
You shoot an arrow. The arrow hits the iguana.
The iguana is moderately wounded.
The iguana bites you.
You shoot an arrow. The arrow closely misses the iguana.
The arrow barely misses the adder.
The iguana closely misses you. The iguana barely misses you.
You shoot an arrow. The arrow barely misses the iguana.
The arrow barely misses the adder.
The iguana bites you.
You shoot an arrow. The arrow closely misses the iguana.
The arrow misses the adder.
The iguana barely misses you.
You shoot an arrow. The arrow hits the iguana.
The iguana is moderately wounded.
The iguana barely misses you.
You shoot an arrow.
The arrow hits the iguana but does no damage.
The iguana is moderately wounded.
The iguana bites you!
Ouch! That really hurt!
The iguana bites you but does no damage.
You shoot an arrow. The arrow hits the iguana.
The iguana is moderately wounded.
The iguana bites you!
You die...

.> .. .. .#
.### ...
.##.####.######
....?Sl@.......
.#..###.#####.#
#.# # #.#
#.#.#.###.#
..........#
#.#.#.##### #


You could see an iguana and an adder.

Vanquished Creatures
  2 adders (D:2)
  A bat (D:2)
  5 endoplasms
  3 giant cockroaches
  A goblin (D:1)
  A hobgoblin (D:1)
  3 kobolds (D:1)
  2 frilled lizards
  A rat (D:2)
19 creatures vanquished.

Notes
Turn   | Place    | Note
-------+----------+-------------------------------------------
     0 | D:1      | qw the Gargoyle Hunter began the quest for the Orb.
     0 | D:1      | Reached XP level 1. HP: 12/12 MP: 1/1
     0 | D:1      | 0 ||| qw: Version: 0.3-a-132-g3d54051
     0 | D:1      | 0 ||| qw: Game counter: 331
     0 | D:1      | 0 ||| qw: Melee chars always use a shield: true
     0 | D:1      | 0 ||| qw: God list: Okawaru
     0 | D:1      | 0 ||| qw: Allow faded altars: false
     0 | D:1      | 0 ||| qw: Do Orc after clearing Dungeon:15 true
     0 | D:1      | 0 ||| qw: Do second Lair branch before Depths: true
     0 | D:1      | 0 ||| qw: Lair rune preference: random
     0 | D:1      | 0 ||| qw: Goals: Normal
     0 | D:1      | 0 ||| PLANNING D:1-11
   132 | D:1      | Reached XP level 2. HP: 17/17 MP: 2/2
   521 | D:1      | 521 ||| UPGRADING to +0 ring mail.
   531 | D:1      | 531 ||| DROPPING +0 leather armour.
   532 | D:1      | 532 ||| READING scroll labelled TEITA SUPRAW.
   532 | D:1      | 532 ||| ENCHANTING +0 shortbow.
   533 | D:1      | 533 ||| DROPPING scroll of butterflies.
   653 | D:2      | Reached skill level 1 in Armour
   653 | D:2      | Reached XP level 3. HP: 19/21 MP: 3/3
   657 | D:2      | 657 ||| FLEEEEING.
   818 | D:2      | Found a basalt altar of Yredelemnul.
   913 | D:2      | You fall into a shaft and drop 2 floors!
   932 | D:4      | HP: 2/21 [iguana (11)]
   933 | D:4      | Slain by an iguana

Levels and vault maps discovered:
D:1:      amcnicky_arrival_underground_garden, layout_basic, serial_glass,
          glass_columns_c, glass_columns_c
D:2:      layout_loops_ring, basic_altar
D:4:      layout_basic, nemelex_altar_shiori

Skill      XL: |  1  2 |
---------------+-------+-----
Armour         | 1 |  1.5
Fighting       | |  2.1
Ranged Weapons | |  4.8
Dodging        | |  1.5
Stealth        | |  1.1

Action                     || total
---------------------------++-------
   Fire: Shortbow          ||    76
    Use: Scroll            ||     1
 Armour: Ring mail         ||    23
         Leather armour    ||     7
  Dodge: Dodged            ||    25

Table legend:
 A = Non-vault XP
 B = Vault XP
 C = Vault XP percentage of total XP
 D = Non-vault monster count
 E = Vault monster count
 F = Vault count percentage of total count
                 A         B        C        D         E       F
            +---------+---------+-------+---------+---------+-------
      Total |      56 |       0 |   0.0 |      19 |       0 |   0.0
            +---------+---------+-------+---------+---------+-------
        D:1 |      20 |       0 |   0.0 |      11 |       0 |   0.0
        D:2 |      36 |       0 |   0.0 |       8 |       0 |   0.0
            +---------+---------+-------+---------+---------+-------
